TOP OF THE 1ST |
Minnesota Twins batting - Pitching for Detroit Tigers : RHP Constantino Chamisso
|
Pitching: RHP Constantino Chamisso
|
|
Batting: RHB Jesse Scott
|
0-0: Called Strike 0-1: Ball 1-1: Ball 2-1: Ball 3-1: SINGLE (Line Drive, 4MD, EV 103.1 MPH)
|
Batting: RHB Hildo Pot
|
0-0: Grounds into double play, 4-6-3 (Groundball, 34, EV 93.8 MPH)
|
Batting: LHB Joel Kunkler
|
0-0: Foul Ball, location: 2F 0-1: Foul Ball, location: 2F 0-2: SINGLE (Line Drive, 56D, EV 96.9 MPH)
|
Batting: RHB Jesus Chavez
|
0-0: DOUBLE (Line Drive, 8RXD, EV 103.1 MPH) Joel Kunkler to third Runner from 3rd tries for Home, SAFE, no throw by CF
|
Batting: LHB Sadamu Noguchi
|
0-0: Ball 1-0: Called Strike 1-1: Swinging Strike 1-2: 2-RUN HOME RUN (Flyball, 78XD, EV 110.6 MPH), Distance : 426 ft
|
Batting: RHB Matthew Starr
|
0-0: Foul Ball, location: 2F 0-1: Ball 1-1: Foul Ball, location: 2F 1-2: Strikes out looking
|
Top of the 1st over - 3 runs, 4 hits, 0 errors, 0 left on base; Minnesota 3 - Detroit 0 |
BOTTOM OF THE 1ST |
Detroit Tigers batting - Pitching for Minnesota Twins : RHP Tomas Vargas
|
Pitching: RHP Tomas Vargas
|
|
Batting: RHB Greg Harman
|
0-0: Foul Ball, location: 2F 0-1: Ball 1-1: Foul Ball, location: 2F 1-2: TRIPLE (Flyball, 7LD, EV 90.0 MPH)
|
Batting: LHB Morgan Black
|
0-0: Called Strike 0-1: Ball 1-1: Ball 2-1: Fly out, F5 (Line Drive, 5, EV 68.1 MPH)
|
Batting: RHB Randy Shrewsbury
|
0-0: Fly out, F4 (Popup, 23, EV 91.9 MPH)
|
Batting: LHB Tyler Davis
|
0-0: Swinging Strike 0-1: Ball 1-1: Ball 2-1: Foul Ball, location: 2F 2-2: Ball 3-2: SINGLE (Line Drive, 34D, EV 98.8 MPH) Greg Harman scores
|
Batting: RHB Ryan Neal
|
0-0: Called Strike 0-1: Fly out, F4 (Flyball, 4MD, EV 81.3 MPH)
|
Bottom of the 1st over - 1 run, 2 hits, 0 errors, 1 left on base; Minnesota 3 - Detroit 1 |
TOP OF THE 2ND |
Minnesota Twins batting - Pitching for Detroit Tigers : RHP Constantino Chamisso
|
Batting: SHB Buster Hyman
|
0-0: Called Strike 0-1: Foul Ball, location: 2F 0-2: Fly out, F9 (Flyball, 89M, EV 87.5 MPH)
|
Batting: RHB Väinö Tapaninen
|
0-0: Ball 1-0: Called Strike 1-1: Foul Ball, location: 2F 1-2: Foul Ball, location: 2F 1-2: SINGLE (Flyball, 89S, EV 88.8 MPH)
|
Batting: RHB Josh Zoglmann
|
0-0: Ball 1-0: Foul Ball, location: 2F 1-1: Swinging Strike 1-2: Ball 2-2: Strikes out looking
|
Batting: RHB Jesse Scott
|
Pickoff Throw to First - Error! E1 Väinö Tapaninen to second 0-0: Swinging Strike 0-1: Called Strike 0-2: Foul Ball, location: 2F 0-2: Ball 1-2: Strikes out looking
|
Top of the 2nd over - 0 runs, 1 hit, 1 error, 1 left on base; Minnesota 3 - Detroit 1 |
BOTTOM OF THE 2ND |
Detroit Tigers batting - Pitching for Minnesota Twins : RHP Tomas Vargas
|
Pitching: RHP Greg Weislo
|
|
Batting: RHB Victor Quinones
|
0-0: Called Strike 0-1: Foul Ball, location: 2F 0-2: Ball 1-2: Ball 2-2: Ball 3-2: Foul Ball, location: 2F 3-2: Ground out 1-3 (Groundball, 25, EV 66.9 MPH)
|
Batting: RHB Luke Feeney
|
0-0: Ball 1-0: Foul Ball, location: 2F 1-1: Foul Ball, location: 2F 1-2: Ball 2-2: SINGLE (Line Drive, 9S, EV 106.3 MPH)
|
Batting: LHB Emmanuel Gaskin
|
0-0: Called Strike 0-1: Fly out, F9 (Flyball, 9LD, EV 93.1 MPH)
|
Batting: RHB Adrian Novakovic
|
0-0: Called Strike 0-1: Foul Ball, location: 2F 0-2: Ball 1-2: Strikes out swinging
|
Bottom of the 2nd over - 0 runs, 1 hit, 0 errors, 1 left on base; Minnesota 3 - Detroit 1 |
TOP OF THE 3RD |
Minnesota Twins batting - Pitching for Detroit Tigers : RHP Constantino Chamisso
|
Batting: RHB Hildo Pot
|
0-0: Called Strike 0-1: Foul Ball, location: 2F 0-2: Strikes out swinging
|
Batting: LHB Joel Kunkler
|
0-0: Fly out, F7 (Flyball, 78D, EV 86.3 MPH)
|
Batting: RHB Jesus Chavez
|
0-0: Called Strike 0-1: Ground out U3 (Groundball, 34S, EV 80.6 MPH)
|
Top of the 3rd over - 0 runs, 0 hits, 0 errors, 0 left on base; Minnesota 3 - Detroit 1 |
BOTTOM OF THE 3RD |
Detroit Tigers batting - Pitching for Minnesota Twins : RHP Greg Weislo
|
Batting: RHB Greg Harman
|
0-0: Ball 1-0: Ball 2-0: Foul Ball, location: 2F 2-1: Ball 3-1: Called Strike 3-2: Ground out 6-3 (Groundball, 6, EV 103.1 MPH)
|
Batting: LHB Morgan Black
|
0-0: Ball 1-0: Ball 2-0: Ball 3-0: Base on Balls
|
Batting: RHB Randy Shrewsbury
|
0-0: Called Strike 0-1: Ball 1-1: Ball 2-1: Foul Ball, location: 2F 2-2: Ball 3-2: Hit by Pitch Morgan Black to second
|
Batting: LHB Tyler Davis
|
0-0: 3-RUN HOME RUN (Flyball, 9D, EV 101.9 MPH), Distance : 383 ft
|
Batting: RHB Ryan Neal
|
0-0: Foul Ball, location: 2F 0-1: Ground out U3 (Groundball, 34S, EV 76.3 MPH)
|
Batting: RHB Victor Quinones
|
0-0: Ball 1-0: Ball 2-0: Foul Ball, location: 2F 2-1: Ball 3-1: Called Strike 3-2: DOUBLE (Flyball, 7LD, EV 101.9 MPH)
|
Batting: RHB Luke Feeney
|
0-0: Ball 1-0: Ball 2-0: Foul Ball, location: 2F 2-1: Foul Ball, location: 2F 2-2: Ground out 4-3 (Groundball, 4S, EV 85.6 MPH)
|
Bottom of the 3rd over - 3 runs, 2 hits, 0 errors, 1 left on base; Minnesota 3 - Detroit 4 |
TOP OF THE 4TH |
Minnesota Twins batting - Pitching for Detroit Tigers : RHP Constantino Chamisso
|
Batting: LHB Sadamu Noguchi
|
0-0: Called Strike 0-1: Ground out 6-3 (Groundball, 6, EV 89.4 MPH)
|
Batting: RHB Matthew Starr
|
0-0: Ground out 6-3 (Groundball, 6, EV 90.0 MPH)
|
Batting: SHB Buster Hyman
|
0-0: Ball 1-0: SINGLE (Line Drive, 4D, EV 96.3 MPH)
|
Batting: RHB Väinö Tapaninen
|
0-0: Ball 1-0: Fielders Choice at 2nd, 6-4 (Groundball, 56, EV 86.3 MPH)
|
Top of the 4th over - 0 runs, 1 hit, 0 errors, 1 left on base; Minnesota 3 - Detroit 4 |
BOTTOM OF THE 4TH |
Detroit Tigers batting - Pitching for Minnesota Twins : RHP Greg Weislo
|
Batting: LHB Emmanuel Gaskin
|
0-0: Ball 1-0: Ball 2-0: Ball 3-0: Called Strike 3-1: Base on Balls
|
Batting: RHB Adrian Novakovic
|
0-0: Ball 1-0: Swinging Strike 1-1: Foul Ball, location: 2F 1-2: Ball 2-2: Foul Ball, location: 2F 2-2: Foul Ball, location: 2F 2-2: Foul Ball, location: 2F 2-2: Foul Ball, location: 2F 2-2: Foul Ball, location: 2F 2-2: 2-RUN HOME RUN (Flyball, 7D, EV 97.5 MPH), Distance : 397 ft
|
Pitching: RHP T.J. Hirst
|
|
Batting: RHB Greg Harman
|
0-0: Called Strike 0-1: Ground out 6-3 (Groundball, 6, EV 107.5 MPH)
|
Batting: LHB Morgan Black
|
0-0: Called Strike 0-1: Ball 1-1: Called Strike 1-2: Ball 2-2: Strikes out swinging
|
Batting: RHB Randy Shrewsbury
|
0-0: Ball 1-0: Called Strike 1-1: Ball 2-1: Ball 3-1: Called Strike 3-2: Base on Balls
|
Batting: LHB Tyler Davis
|
0-0: Ball Randy Shrewsbury steals 2nd base 1-0: Foul Ball, location: 2F 1-1: DOUBLE (Line Drive, 3D, EV 108.1 MPH) Randy Shrewsbury scores
|
Batting: RHB Ryan Neal
|
0-0: Ball 1-0: Ball 2-0: Called Strike 2-1: Ball 3-1: Base on Balls
|
Batting: RHB Victor Quinones
|
0-0: Called Strike 0-1: Ball 1-1: Foul Ball, location: 2F 1-2: Foul Ball, location: 2F 1-2: Ball 2-2: Ball 3-2: DOUBLE (Line Drive, 7LS, EV 95.6 MPH) Tyler Davis scores Ryan Neal to third Ryan Neal scores
|
Pitching: RHP Luis Sanchez
|
|
Batting: RHB Luke Feeney
|
0-0: Ball 1-0: Called Strike 1-1: Ball 2-1: Ball 3-1: Fly out, F7 (Flyball, 7LS, EV 91.9 MPH)
|
Bottom of the 4th over - 5 runs, 3 hits, 0 errors, 1 left on base; Minnesota 3 - Detroit 9 |
TOP OF THE 5TH |
Minnesota Twins batting - Pitching for Detroit Tigers : RHP Constantino Chamisso
|
Batting: RHB Josh Zoglmann
|
0-0: Called Strike 0-1: Ball 1-1: Ball 2-1: Foul Ball, location: 2F 2-2: Fly out, F9 (Flyball, 89S, EV 93.8 MPH)
|
Batting: RHB Jesse Scott
|
0-0: Ball 1-0: Foul Ball, location: 2F 1-1: Foul Ball, location: 2F 1-2: SINGLE (Groundball, 56, EV 85.6 MPH) (infield hit)
|
Batting: RHB Hildo Pot
|
0-0: Called Strike Jesse Scott is caught stealing 2nd base 2-4 0-1: Ball 1-1: SINGLE (Groundball, 4MD, EV 95.6 MPH)
|
Batting: LHB Joel Kunkler
|
0-0: Called Strike 0-1: Ball 1-1: Called Strike 1-2: Ball 2-2: Ground out 1-3 (Groundball, 34S, EV 61.9 MPH)
|
Top of the 5th over - 0 runs, 2 hits, 0 errors, 1 left on base; Minnesota 3 - Detroit 9 |
BOTTOM OF THE 5TH |
Detroit Tigers batting - Pitching for Minnesota Twins : RHP Luis Sanchez
|
Batting: LHB Emmanuel Gaskin
|
0-0: Ball 1-0: Ball 2-0: Ball 3-0: Foul Ball, location: 2F 3-1: Called Strike 3-2: Base on Balls
|
Batting: RHB Adrian Novakovic
|
0-0: Ball 1-0: Ball 2-0: Ball 3-0: Called Strike 3-1: Swinging Strike 3-2: Foul Ball, location: 2F 3-2: Foul Ball, location: 2F 3-2: DOUBLE (Line Drive, 78XD, EV 101.9 MPH) Emmanuel Gaskin to third
|
Batting: RHB Greg Harman
|
0-0: Called Strike 0-1: Foul Ball, location: 2F 0-2: Ball 1-2: Ball 2-2: Ball 3-2: Base on Balls
|
Batting: LHB Morgan Black
|
0-0: Swinging Strike 0-1: Ball 1-1: Ball 2-1: Foul Ball, location: 2F 2-2: Ball 3-2: Foul Ball, location: 2F 3-2: Base on Balls Emmanuel Gaskin scores Adrian Novakovic to third Greg Harman to second
|
Batting: RHB Randy Shrewsbury
|
0-0: Called Strike 0-1: Called Strike 0-2: Ball 1-2: Foul Ball, location: 2F 1-2: Ball 2-2: Ball 3-2: Fly out, F9 (Flyball, 9S, EV 90.6 MPH)
|
Batting: LHB Tyler Davis
|
0-0: Called Strike 0-1: Called Strike 0-2: Strikes out swinging
|
Batting: RHB Ryan Neal
|
0-0: Ball 1-0: Called Strike 1-1: Fly out, F2 (Popup, 13S, EV 81.9 MPH)
|
Bottom of the 5th over - 1 run, 1 hit, 0 errors, 3 left on base; Minnesota 3 - Detroit 10 |
TOP OF THE 6TH |
Minnesota Twins batting - Pitching for Detroit Tigers : RHP Constantino Chamisso
|
Batting: RHB Jesus Chavez
|
0-0: Called Strike 0-1: Called Strike 0-2: Foul Ball, location: 2F 0-2: Ball 1-2: Strikes out looking
|
Batting: LHB Sadamu Noguchi
|
0-0: SINGLE (Groundball, 56D, EV 109.4 MPH)
|
Batting: RHB Matthew Starr
|
0-0: Ball 1-0: Ball Sadamu Noguchi is caught stealing 2nd base 2-4 2-0: Foul Ball, location: 2F 2-1: Called Strike 2-2: Strikes out looking
|
Top of the 6th over - 0 runs, 1 hit, 0 errors, 0 left on base; Minnesota 3 - Detroit 10 |
BOTTOM OF THE 6TH |
Detroit Tigers batting - Pitching for Minnesota Twins : RHP Luis Sanchez
|
Batting: RHB Victor Quinones
|
0-0: Ball 1-0: Called Strike 1-1: Ball 2-1: Foul Ball, location: 2F 2-2: Fly out, F8 (Flyball, 8LD, EV 91.9 MPH)
|
Pitching: RHP Oscar Zuniga
|
|
Batting: RHB Luke Feeney
|
0-0: Ball 1-0: Foul Ball, location: 2F 1-1: Ground out 4-3 (Groundball, 4S, EV 82.5 MPH)
|
Batting: LHB Emmanuel Gaskin
|
0-0: Ball 1-0: Swinging Strike 1-1: Ball 2-1: Ball 3-1: Foul Ball, location: 2F 3-2: Ground out U3 (Groundball, 34S, EV 91.3 MPH)
|
Bottom of the 6th over - 0 runs, 0 hits, 0 errors, 0 left on base; Minnesota 3 - Detroit 10 |
TOP OF THE 7TH |
Minnesota Twins batting - Pitching for Detroit Tigers : RHP Constantino Chamisso
|
Batting: SHB Buster Hyman
|
0-0: Called Strike 0-1: Ball 1-1: Ball 2-1: Foul Ball, location: 2F 2-2: Ball 3-2: Foul Ball, location: 2F 3-2: Strikes out swinging
|
Batting: RHB Väinö Tapaninen
|
0-0: Ball 1-0: Ball 2-0: DOUBLE (Line Drive, 8RXD, EV 105.6 MPH)
|
Batting: RHB Josh Zoglmann
|
0-0: Called Strike 0-1: Called Strike 0-2: Strikes out swinging
|
Batting: RHB Jesse Scott
|
0-0: Ground out 6-3 (Groundball, 6, EV 82.5 MPH)
|
Top of the 7th over - 0 runs, 1 hit, 0 errors, 1 left on base; Minnesota 3 - Detroit 10 |
BOTTOM OF THE 7TH |
Detroit Tigers batting - Pitching for Minnesota Twins : RHP Oscar Zuniga
|
Pinch Hitting: RHB Dave Reynolds
|
0-0: Ball 1-0: Called Strike 1-1: Swinging Strike 1-2: Ball 2-2: Ground out U3 (Groundball, 34, EV 90.6 MPH)
|
Batting: RHB Greg Harman
|
0-0: Ball 1-0: Called Strike 1-1: Swinging Strike 1-2: Ball 2-2: Ground out 6-3 (Groundball, 6S, EV 65.0 MPH)
|
Batting: LHB Morgan Black
|
0-0: Ground out 4-3 (Groundball, 4, EV 84.4 MPH)
|
Bottom of the 7th over - 0 runs, 0 hits, 0 errors, 0 left on base; Minnesota 3 - Detroit 10 |
TOP OF THE 8TH |
Minnesota Twins batting - Pitching for Detroit Tigers : RHP Constantino Chamisso
|
Now at SS: Dave Reynolds
|
|
Batting: RHB Hildo Pot
|
0-0: Fly out, F9 (Flyball, 9, EV 88.8 MPH)
|
Pinch Hitting: LHB Gerardo Flores
|
0-0: Fly out, F6 (Flyball, 6MD, EV 85.6 MPH)
|
Batting: RHB Jesus Chavez
|
0-0: Called Strike 0-1: SINGLE (Line Drive, 34, EV 96.3 MPH)
|
Batting: LHB Sadamu Noguchi
|
0-0: Ground out 6-3 (Groundball, 6S, EV 85.6 MPH)
|
Top of the 8th over - 0 runs, 1 hit, 0 errors, 1 left on base; Minnesota 3 - Detroit 10 |
BOTTOM OF THE 8TH |
Detroit Tigers batting - Pitching for Minnesota Twins : RHP Oscar Zuniga
|
Now in RF: Gerardo Flores
|
|
Batting: RHB Randy Shrewsbury
|
0-0: Called Strike 0-1: Called Strike 0-2: Ball 1-2: Ball 2-2: Ball 3-2: Foul Ball, location: 2F 3-2: Foul Ball, location: 2F 3-2: Base on Balls
|
Batting: LHB Tyler Davis
|
0-0: Foul Ball, location: 2F 0-1: Fly out, F8 (Flyball, 78D, EV 101.3 MPH)
|
Pitching: RHP Steffen Joseph
|
|
Batting: RHB Ryan Neal
|
0-0: Grounds into double play, 6-4-3 (Groundball, 6, EV 89.4 MPH)
|
Bottom of the 8th over - 0 runs, 0 hits, 0 errors, 0 left on base; Minnesota 3 - Detroit 10 |
TOP OF THE 9TH |
Minnesota Twins batting - Pitching for Detroit Tigers : RHP Constantino Chamisso
|
Batting: RHB Matthew Starr
|
0-0: Ball 1-0: Ball 2-0: Fly out, F4 (Line Drive, 4, EV 67.5 MPH)
|
Batting: SHB Buster Hyman
|
0-0: Foul Ball, location: 2F 0-1: Ball 1-1: Called Strike 1-2: Strikes out swinging
|
Batting: RHB Väinö Tapaninen
|
0-0: Foul Ball, location: 2F 0-1: Swinging Strike 0-2: Foul Ball, location: 2F 0-2: Ball 1-2: Ball 2-2: Ball 3-2: Foul Ball, location: 2F 3-2: Foul Ball, location: 2F 3-2: Foul Ball, location: 2F 3-2: Foul Ball, location: 2F 3-2: Ground out 6-3 (Groundball, 6M, EV 88.1 MPH)
|
Top of the 9th over - 0 runs, 0 hits, 0 errors, 0 left on base; Minnesota 3 - Detroit 10 |
|